[Event "ICC tourney 2333 (75 10)"]
[Site "Internet Chess Club"]
[Date "2021.01.23"]
[Round "2"]
[White "BlueJay01"]
[Black "saisneha"]
[Result "1/2-1/2"]
[ICCResult "Game drawn by mutual agreement"]
[WhiteElo "2098"]
[BlackElo "1927"]
[Opening "English opening"]
[ECO "A20"]
[NIC "EO.24"]
[Time "16:32:35"]
[PlyCount "86"]
[TimeControl "4500+10"]

1. c4 e5 2. g3 Nf6 3. Bg2 c6 4. Nf3 e4 5. Nd4 d5 6. cxd5 cxd5 7. d3 Bc5 8.
Nb3 Bb4+ 9. Bd2 Bxd2+ 10. Qxd2 O-O 11. Nc3 exd3 12. Qxd3 Be6 13. O-O Nc6
14. Nc5 Qe7 15. Nxe6 fxe6 16. Rad1 Rad8 17. e3 Qc5 18. Rd2 Ne5 19. Qd4 Qxd4
20. exd4 Nc6 21. Re1 Rfe8 22. f4 Kf7 23. Bh3 Re7 24. Kf2 a6 25. Ke3 h6 26.
Rde2 g5 27. Kd3 g4 28. Bg2 Rd6 29. a3 b5 30. Na2 a5 31. Rc1 b4 32. a4 h5
33. b3 Rb7 34. Rec2 Ne7 35. Rc7 Rd7 36. Rxb7 Rxb7 37. Rc5 Ra7 38. Nc1 Nd7
39. Rc2 Nf5 40. Ne2 Nf6 41. h3 gxh3 42. Bxh3 Ne4 43. Bxf5 exf5 { Game drawn
by mutual agreement } 1/2-1/2

[Event "ICC tourney 2333 (75 10)"]
[Site "Internet Chess Club"]
[Date "2021.01.23"]
[Round "2"]
[White "f5"]
[Black "redhawk2020"]
[Result "1-0"]
[ICCResult "Black resigns"]
[WhiteElo "2207"]
[BlackElo "1954"]
[Opening "Sicilian: closed, 6.f4"]
[ECO "B25"]
[NIC "SI.45"]
[Time "16:32:32"]
[PlyCount "137"]
[TimeControl "4500+10"]

1. e4 c5 2. Nc3 Nc6 3. g3 g6 4. Bg2 Bg7 5. d3 d6 6. f4 e6 7. Nf3 Nge7 8.
O-O O-O 9. Be3 Nd4 10. e5 Nef5 11. Bf2 Nxf3+ 12. Qxf3 Nd4 13. Qd1 dxe5 14.
fxe5 Bxe5 15. Ne4 c4 16. c3 Nf5 17. dxc4 Qc7 18. Nc5 Bg7 19. Qa4 Bh6 20.
Rfe1 Ne3 21. Rxe3 Qxc5 22. Rxe6 Qc7 23. Re8 Be6 24. Rxf8+ Bxf8 25. Bd5 Bc5
26. Rf1 Bh3 27. Bg2 Be6 28. Qb5 Bxf2+ 29. Rxf2 Bxc4 30. Qxb7 Qxb7 31. Bxb7
Rb8 32. Bc6 Bxa2 33. b4 Be6 34. b5 Rb6 35. Rb2 a6 36. Rb4 axb5 37. Bxb5 Kf8
38. Kf2 Ke7 39. Ke3 Kd6 40. Kd4 h5 41. Be2 Rxb4+ 42. cxb4 f6 43. Bc4 Bg4
44. Ke3 g5 45. Ke4 f5+ 46. Ke3 Kc6 47. Kd4 f4 48. gxf4 gxf4 49. h4 Kd6 50.
Ke4 f3 51. Ke3 Kc6 52. Bd3 Kb6 53. Be4 Kb5 54. Bxf3 Bf5 55. Bxh5 Kxb4 56.
Kf4 Bc2 57. Bg4 Kc5 58. Ke5 Bg6 59. Be6 Kc6 60. Kf6 Bh5 61. Ke5 Bg6 62. Bf5
Be8 63. Kf6 Bh5 64. Kg5 Be2 65. Bg4 Bd3 66. Kf6 Kd6 67. h5 Bh7 68. h6 Be4
69. Bf5 { Black resigns } 1-0

[Event "ICC tourney 2333 (75 10)"]
[Site "Internet Chess Club"]
[Date "2021.01.23"]
[Round "2"]
[White "closedforce"]
[Black "e4betterthand4"]
[Result "0-1"]
[ICCResult "White resigns"]
[WhiteElo "1922"]
[BlackElo "2130"]
[Opening "Catalan: closed, main line"]
[ECO "E09"]
[NIC "CA.04"]
[Time "16:32:56"]
[PlyCount "136"]
[TimeControl "4500+10"]

1. d4 d5 2. c4 e6 3. Nf3 Nf6 4. g3 Be7 5. Bg2 O-O 6. O-O Nbd7 7. Qc2 c6 8.
Nbd2 b6 9. e4 dxe4 10. Nxe4 Bb7 11. Rd1 Nxe4 12. Qxe4 Bf6 13. Bf4 Qe7 14.
Rac1 Rfd8 15. a3 a5 16. Rd2 a4 17. Qe3 c5 18. d5 exd5 19. Qxe7 Bxe7 20.
cxd5 Bf6 21. Bh3 Nf8 22. Rcd1 Ne6 23. dxe6 Bxf3 24. Rxd8+ Rxd8 25. Rxd8+
Bxd8 26. Be5 fxe6 27. Bxe6+ Kf8 28. Bd7 Bd1 29. f4 Bf6 30. Bxf6 gxf6 31.
Kf2 Ke7 32. Bb5 Kd6 33. Ke3 Kd5 34. g4 Bxg4 35. Bxa4 Kc4 36. Bc2 h6 37. Ke4
Bd7 38. Ke3 Bc6 39. Bd1 b5 40. Bc2 Be8 41. h4 Bc6 42. Bd1 Bd7 43. Bc2 Be8
44. Ke4 Bg6+ 45. f5 Be8 46. Bd1 Bc6+ 47. Ke3 Bd7 48. Ke4 Bc6+ 49. Ke3 b4
50. axb4 cxb4 51. Bc2 Kc5 52. Bd3 Bg2 53. Ba6 Bc6 54. Bd3 Bd7 55. Ke4 Be8
56. b3 Bf7 57. Bc2 Bd5+ 58. Kf4 Kd4 59. Kg4 Bf7 60. Bd1 Ke3 61. Bc2 h5+ 62.
Kg3 Kd2 63. Be4 Bxb3 64. Kf4 Bf7 65. Bb1 Bd5 66. Kg3 Ke3 67. Bc2 b3 68. Bb1
Be4 { White resigns } 0-1

[Event "ICC tourney 2333 (75 10)"]
[Site "Internet Chess Club"]
[Date "2021.01.23"]
[Round "2"]
[White "canary2016"]
[Black "marble"]
[Result "0-1"]
[ICCResult "White resigns"]
[WhiteElo "1923"]
[BlackElo "2508"]
[Opening "Réti opening"]
[ECO "A04"]
[NIC "QP.11"]
[Time "16:32:26"]
[PlyCount "182"]
[TimeControl "4500+10"]

1. Nf3 g6 2. g3 Bg7 3. d4 c5 4. d5 d6 5. Bg2 b5 6. c3 Nf6 7. O-O Bb7 8. Ne1
Nbd7 9. b3 Nb6 10. e4 O-O 11. Bb2 c4 12. Nc2 Qd7 13. Nd2 e6 14. dxe6 fxe6
15. Qe2 Rac8 16. Rad1 e5 17. Ne3 Qe6 18. Rb1 Bh6 19. h3 Nfd7 20. Ba3 cxb3
21. Rxb3 a6 22. Bb4 Nc5 23. Bxc5 Rxc5 24. Qd3 Rfc8 25. Rc1 R8c7 26. Rb2 Na4
27. Rbc2 Bxe3 28. Qxe3 Qc8 29. Nb1 Kg7 30. Qd3 R5c6 31. Kh2 Qe6 32. Nd2 Nb6
33. Kg1 Nd7 34. Nb3 Rc4 35. Na5 Ra4 36. Nxb7 Rxb7 37. Qd2 Nb6 38. Qe2 Rc7
39. Kh2 Rac4 40. Bf1 R4c5 41. Qd2 R7c6 42. Qe3 Qc8 43. Qd2 Na4 44. c4 Nb6
45. Bg2 Nxc4 46. Qg5 Qe6 47. Bf1 Qf6 48. Qxf6+ Kxf6 49. Bg2 Nb6 50. Rxc5
dxc5 51. Rd1 c4 52. Bf1 b4 53. Rc1 a5 54. Kg2 a4 55. Rb1 b3 56. axb3 axb3
57. Bxc4 Nxc4 58. Rxb3 Nd6 59. Re3 Rc4 60. Kf3 h5 61. Re2 Nb5 62. Kg2 Nc3
63. Rc2 Rc5 64. f3 Nxe4 65. Rb2 Nd6 66. h4 Rc6 67. Ra2 Nf5 68. Kf2 Nd4 69.
f4 exf4 70. gxf4 Rc2+ 71. Rxc2 Nxc2 72. Kg3 Kf5 73. Kf3 Nd4+ 74. Ke3 Ne6
75. Kf3 Nxf4 76. Kg3 Nd3 77. Kf3 Ne5+ 78. Kg3 Ke4 79. Kh2 Kf3 80. Kh3 Nd3
81. Kh2 Nf4 82. Kg1 Kg3 83. Kh1 Kxh4 84. Kh2 Kg4 85. Kh1 Kg3 86. Kg1 h4 87.
Kh1 h3 88. Kg1 Nd3 89. Kh1 Nf2+ 90. Kg1 h2+ 91. Kf1 h1=Q+ { White resigns }
0-1

[Event "ICC tourney 2333 (75 10)"]
[Site "Internet Chess Club"]
[Date "2021.01.23"]
[Round "2"]
[White "sirking2800"]
[Black "dpomerantz135"]
[Result "0-1"]
[ICCResult "White forfeits on time"]
[WhiteElo "2005"]
[BlackElo "2238"]
[Opening "Sicilian: Taimanov (Bastrikov) variation"]
[ECO "B47"]
[NIC "SI.40"]
[Time "16:32:27"]
[PlyCount "156"]
[TimeControl "4500+10"]

1. e4 c5 2. Nf3 e6 3. d4 cxd4 4. Nxd4 Nc6 5. Nc3 Qc7 6. Be2 a6 7. O-O Nf6
8. Be3 Bb4 9. Bd3 Nxd4 10. Bxd4 e5 11. Be3 Bxc3 12. bxc3 d6 13. c4 Be6 14.
Qe2 Rc8 15. Qd2 O-O 16. Rab1 Bxc4 17. Rb4 b5 18. Bxc4 bxc4 19. Qe2 d5 20.
exd5 Nxd5 21. Rb2 Nxe3 22. Qxe3 Rb8 23. Rfb1 Rxb2 24. Rxb2 Rd8 25. Rb1 Qd6
26. h3 Qd4 27. Qa3 h6 28. Qxa6 Qf4 29. g3 Qe4 30. Qa5 Rd5 31. Qc3 Qd4 32.
Qf3 Rd8 33. Kf1 Qd5 34. Qxd5 Rxd5 35. Ke2 f5 36. Rb7 c3 37. a4 Rd2+ 38. Ke1
Rxc2 39. Rc7 Kh7 40. a5 Ra2 41. Rc5 f4 42. Rxc3 Rxa5 43. Ke2 Kg6 44. Rc7
Kf6 45. Kf3 Ra3+ 46. Kg2 f3+ 47. Kh2 Ra2 48. Kg1 Ra1+ 49. Kh2 Rf1 50. Rc2
h5 51. Rb2 Kf5 52. Rc2 Re1 53. Rc3 e4 54. Rc5+ Ke6 55. Rc3 Ke5 56. Ra3 Rf1
57. Ra2 g6 58. Rd2 Re1 59. Rd8 Rf1 60. Rd2 g5 61. Ra2 Rd1 62. Rb2 Re1 63.
Rb8 e3 64. Re8+ Kd4 65. Rd8+ Kc3 66. Rf8 g4 67. h4 Re2 68. Kg1 Rxf2 69. Re8
Rg2+ 70. Kh1 Re2 71. Kg1 Kd2 72. Rd8+ Ke1 73. Rf8 f2+ 74. Kh1 Rd2 75. Rf7
e2 76. Kh2 f1=N+ 77. Kg2 Ne3+ 78. Kh1 Kd1 { White forfeits on time } 0-1

[Event "ICC tourney 2333 (75 10)"]
[Site "Internet Chess Club"]
[Date "2021.01.23"]
[Round "3"]
[White "DLWarrior"]
[Black "sirking2800"]
[Result "0-1"]
[ICCResult "White resigns"]
[WhiteElo "1968"]
[BlackElo "2005"]
[Opening "Vienna game"]
[ECO "C28"]
[NIC "VG.04"]
[Time "20:01:30"]
[PlyCount "70"]
[TimeControl "4500+10"]

1. e4 e5 2. Nc3 Nc6 3. Bc4 Nf6 4. d3 Bc5 5. f4 d6 6. Nf3 O-O 7. h3 Na5 8.
fxe5 dxe5 9. Nxe5 Qd4 10. Rf1 Qxe5 11. Bf4 Qh5 12. Qxh5 Nxh5 13. Bxc7 Nxc4
14. dxc4 Bb4 15. O-O-O Bxc3 16. bxc3 Be6 17. Bd6 Rfe8 18. c5 Bxa2 19. e5
Ng3 20. Rf3 Ne4 21. Re1 Nxd6 22. cxd6 Rad8 23. Kb2 Bc4 24. Rf4 b5 25. g4 f6
26. Ra1 fxe5 27. Re4 Rxd6 28. Rxa7 Rd2 29. Rc7 Bd3 30. Re3 Rxc2+ 31. Kb3 e4
32. Rd7 Re2 33. Rg3 Bc4+ 34. Kb4 Rc8 35. g5 Ra2 { White resigns } 0-1

[Event "ICC tourney 2333 (75 10)"]
[Site "Internet Chess Club"]
[Date "2021.01.23"]
[Round "3"]
[White "Drachekokosnuss"]
[Black "slolla"]
[Result "0-1"]
[ICCResult "White resigns"]
[WhiteElo "2100"]
[BlackElo "1900"]
[Opening "Sicilian: dragon, Yugoslav attack, 10.O-O-O"]
[ECO "B78"]
[NIC "SI.18"]
[Time "20:01:45"]
[PlyCount "56"]
[TimeControl "4500+10"]

1. e4 c5 2. Nf3 d6 3. d4 cxd4 4. Nxd4 Nf6 5. Nc3 g6 6. Be3 Bg7 7. f3 O-O 8.
Qd2 Nc6 9. Bc4 Bd7 10. O-O-O Rc8 11. Bb3 Ne5 12. Kb1 Nc4 13. Bxc4 Rxc4 14.
h4 h5 15. g4 b5 16. Nd5 e5 17. Nxf6+ Qxf6 18. Bg5 Rxd4 19. Bxf6 Rxd2 20.
Rxd2 Bxf6 21. Rxd6 Be6 22. g5 Be7 23. Rd3 f5 24. Rc3 Bc4 25. a3 Bc5 26. a4
Bd4 27. Ra3 b4 28. Ra1 a5 { White resigns } 0-1

[Event "ICC tourney 2333 (75 10)"]
[Site "Internet Chess Club"]
[Date "2021.01.23"]
[Round "3"]
[White "SuperPuzzler"]
[Black "AJM04"]
[Result "1-0"]
[ICCResult "Black resigns"]
[WhiteElo "1993"]
[BlackElo "2050"]
[Opening "Sicilian: Pelikan, Chelyabinsk variation"]
[ECO "B33"]
[NIC "SI.37"]
[Time "20:01:44"]
[PlyCount "77"]
[TimeControl "4500+10"]

1. e4 c5 2. Nf3 Nc6 3. d4 cxd4 4. Nxd4 Nf6 5. Nc3 e5 6. Ndb5 d6 7. Bg5 a6
8. Na3 b5 9. Nd5 Be7 10. Bxf6 Bxf6 11. c4 b4 12. Nc2 O-O 13. g3 a5 14. Bg2
Be6 15. O-O Bg5 16. Qd3 Qb8 17. b3 Bd8 18. f4 f6 19. Kh1 Bf7 20. f5 Bb6 21.
g4 Bc5 22. h4 Qd8 23. Qg3 Kh8 24. g5 a4 25. g6 Bg8 26. gxh7 Bxh7 27. Bf3
Nd4 28. Nxd4 Bxd4 29. Rad1 axb3 30. axb3 Bc5 31. Bh5 Qd7 32. Bg6 Ra2 33.
Qf3 Kg8 34. Rd3 Rfa8 35. Qh5 Bxg6 36. fxg6 Qe6 37. Qh7+ Kf8 38. Qh8+ Qg8
39. Rxf6+ { Black resigns } 1-0

[Event "ICC tourney 2333 (75 10)"]
[Site "Internet Chess Club"]
[Date "2021.01.23"]
[Round "3"]
[White "Mrpeetapizza"]
[Black "kunalsh"]
[Result "1/2-1/2"]
[ICCResult "Game drawn by mutual agreement"]
[WhiteElo "1913"]
[BlackElo "2054"]
[Opening "Ruy Lopez: Berlin defense, open variation"]
[ECO "C67"]
[NIC "RL.07"]
[Time "20:01:46"]
[PlyCount "31"]
[TimeControl "4500+10"]

1. e4 e5 2. Nf3 Nc6 3. Bb5 Nf6 4. O-O Nxe4 5. d4 Nd6 6. Bxc6 dxc6 7. dxe5
Nf5 8. Qxd8+ Kxd8 9. Nc3 Ke8 10. Bf4 h6 11. h4 g6 12. Rad1 Be6 13. Ne4 Be7
14. g3 Bd5 15. Rfe1 Kf8 16. b3 { Game drawn by mutual agreement } 1/2-1/2

[Event "ICC tourney 2333 (75 10)"]
[Site "Internet Chess Club"]
[Date "2021.01.23"]
[Round "3"]
[White "jy2020"]
[Black "fleshlumpeater"]
[Result "1-0"]
[ICCResult "Black resigns"]
[WhiteElo "2213"]
[BlackElo "1966"]
[Opening "Sicilian: Pelikan (Lasker/Sveshnikov) variation"]
[ECO "B33"]
[NIC "SI.35"]
[Time "20:01:12"]
[PlyCount "57"]
[TimeControl "4500+10"]

1. e4 c5 2. Nf3 Nc6 3. d4 cxd4 4. Nxd4 Nf6 5. Nc3 e5 6. Ndb5 d6 7. Nd5 Nxd5
8. exd5 Ne7 9. c4 Ng6 10. Bd3 Be7 11. O-O O-O 12. Be3 a6 13. Nc3 f5 14. f3
Bg5 15. Bf2 Bd7 16. b4 Qf6 17. Qc2 Nf4 18. Kh1 Qh6 19. Rae1 Rae8 20. c5
Nxd3 21. Qxd3 Bd2 22. Be3 Bxe3 23. Qxe3 Qxe3 24. Rxe3 Kf7 25. Rfe1 dxc5 26.
bxc5 Kf6 27. Rb1 Rb8 28. Rb6+ Kf7 29. Rxe5 { Black resigns } 1-0

[Event "ICC tourney 2333 (75 10)"]
[Site "Internet Chess Club"]
[Date "2021.01.23"]
[Round "3"]
[White "BreatheChessAls"]
[Black "BlueJay01"]
[Result "0-1"]
[ICCResult "White resigns"]
[WhiteElo "1915"]
[BlackElo "2098"]
[Opening "Queen's pawn, Mason variation"]
[ECO "D00"]
[NIC "QP.08"]
[Time "20:01:29"]
[PlyCount "80"]
[TimeControl "4500+10"]

1. d4 d5 2. Bf4 Nf6 3. e3 e6 4. Nd2 c5 5. c3 Nc6 6. Ngf3 cxd4 7. exd4 Nh5
8. Bg5 f6 9. Be3 Bd6 10. Nh4 g6 11. Nhf3 Ng7 12. Be2 Nf5 13. O-O O-O 14. b4
Nce7 15. Bd3 e5 16. Bxf5 Nxf5 17. g3 e4 18. Ne1 Nxe3 19. fxe3 Be6 20. Ng2
Bf7 21. Nb3 b6 22. a4 Rc8 23. Rc1 Kg7 24. a5 h5 25. axb6 axb6 26. Qd2 Rh8
27. Nh4 Be6 28. Qf2 Bh3 29. Rfe1 Qd7 30. Ng2 g5 31. Kh1 h4 32. g4 Bxg4 33.
Rg1 Bf3 34. Nd2 h3 35. Nxf3 hxg2+ 36. Rxg2 exf3 37. Qxf3 Qe6 38. Rcg1 Qe4
39. Rxg5+ fxg5 40. Rxg5+ Kh6 { White resigns } 0-1

[Event "ICC tourney 2333 (75 10)"]
[Site "Internet Chess Club"]
[Date "2021.01.23"]
[Round "3"]
[White "dpomerantz135"]
[Black "pika0008"]
[Result "1/2-1/2"]
[ICCResult "Game drawn by repetition"]
[WhiteElo "2238"]
[BlackElo "1895"]
[Opening "Sicilian: Nimzovich-Rossolimo attack (with ...g6, without ...d6)"]
[ECO "B31"]
[NIC "SI.31"]
[Time "20:01:34"]
[PlyCount "82"]
[TimeControl "4500+10"]

1. e4 c5 2. Nf3 Nc6 3. Bb5 g6 4. O-O Bg7 5. Re1 e5 6. Bxc6 dxc6 7. d3 Ne7
8. h3 O-O 9. a4 a5 10. Be3 b6 11. Nbd2 Qc7 12. Nc4 Be6 13. Ng5 Bxc4 14.
dxc4 h6 15. Nf3 Kh7 16. Qe2 Rad8 17. Rad1 Rxd1 18. Rxd1 Rd8 19. Rd3 Nc8 20.
Rxd8 Qxd8 21. Qd2 Qd6 22. Qxd6 Nxd6 23. Nd2 h5 24. f3 Bh6 25. Kf2 f5 26.
Bxh6 Kxh6 27. g3 h4 28. g4 f4 29. b3 g5 30. Nb1 Kg6 31. Ke2 Kf6 32. Kd3 Ke6
33. Nc3 Nb7 34. Na2 Kd6 35. Nc1 Nd8 36. c3 Nb7 37. Kc2 Ke6 38. Nd3 Kd6 39.
Nc1 Ke6 40. Nd3 Kd6 41. Nc1 Ke6 { Game drawn by repetition } 1/2-1/2

[Event "ICC tourney 2333 (75 10)"]
[Site "Internet Chess Club"]
[Date "2021.01.23"]
[Round "3"]
[White "saisneha"]
[Black "penguinwizard"]
[Result "0-1"]
[ICCResult "White resigns"]
[WhiteElo "1927"]
[BlackElo "2120"]
[Opening "Queen's Indian: old main line, 9.Qxc3"]
[ECO "E19"]
[NIC "QI.12"]
[Time "20:01:25"]
[PlyCount "64"]
[TimeControl "4500+10"]

1. d4 Nf6 2. c4 e6 3. Nf3 b6 4. g3 Bb7 5. Bg2 Be7 6. O-O O-O 7. Nc3 Ne4 8.
Qc2 Nxc3 9. Qxc3 f5 10. Bf4 d6 11. Rad1 Bf6 12. Qb3 Qe7 13. Rfe1 Nd7 14. d5
e5 15. Be3 a5 16. Qc2 g6 17. Bh6 Bg7 18. Bxg7 Kxg7 19. Qd2 h6 20. e4 f4 21.
Kh1 Nc5 22. Nh4 Bc8 23. Qe2 g5 24. Nf3 g4 25. Rg1 gxf3 26. Bxf3 Kh8 27.
gxf4 exf4 28. Rg6 Rf6 29. Rdg1 Rxg6 30. Rxg6 Kh7 31. Rg1 Bd7 32. Qc2 Qe5 {
White resigns } 0-1

[Event "ICC tourney 2333 (75 10)"]
[Site "Internet Chess Club"]
[Date "2021.01.23"]
[Round "3"]
[White "CoolKoiFish"]
[Black "mr-sosa"]
[Result "1-0"]
[ICCResult "Black resigns"]
[WhiteElo "1914"]
[BlackElo "2086"]
[Opening "QGD Slav defense"]
[ECO "D10"]
[NIC "SL.01"]
[Time "20:01:18"]
[PlyCount "73"]
[TimeControl "4500+10"]

1. d4 d5 2. c4 c6 3. e3 Nf6 4. Nc3 a6 5. b3 Bf5 6. Bb2 e6 7. Bd3 Ne4 8.
Bxe4 dxe4 9. Nge2 Nd7 10. Ng3 Nf6 11. Qc2 h5 12. O-O Bd6 13. Nxf5 exf5 14.
h3 Bc7 15. Ba3 Bd6 16. Bxd6 Qxd6 17. Rad1 O-O-O 18. d5 c5 19. b4 cxb4 20.
Na4 Qc7 21. c5 Kb8 22. d6 Qc6 23. a3 bxa3 24. Qb3 Nd7 25. Qxa3 Rc8 26. Rd4
Rhe8 27. Rb1 Ka7 28. Nb6 Rcd8 29. Nxd7 Qxd7 30. Rb6 Qc8 31. Rdb4 Rd7 32.
Qa4 Re5 33. c6 bxc6 34. Rxc6 Ra5 35. Rxc8 Rxa4 36. Rxa4 Rxd6 37. Rc7+ {
Black resigns } 1-0

[Event "ICC tourney 2333 (75 10)"]
[Site "Internet Chess Club"]
[Date "2021.01.23"]
[Round "3"]
[White "KRASAVCHIK"]
[Black "e4f5"]
[Result "1/2-1/2"]
[ICCResult "Game drawn by mutual agreement"]
[WhiteElo "2648"]
[BlackElo "2260"]
[Opening "Sicilian: closed"]
[ECO "B23"]
[NIC "SI.44"]
[Time "20:06:17"]
[PlyCount "35"]
[TimeControl "4500+10"]

1. e4 c5 2. Nc3 d6 3. Bb5+ Bd7 4. Bxd7+ Qxd7 5. d4 cxd4 6. Qxd4 Nc6 7. Qd3
Nf6 8. Bg5 Qg4 9. Nf3 Qxg2 10. Rg1 Qh3 11. O-O-O O-O-O 12. Nd5 h6 13. Bh4
g5 14. Bg3 Bg7 15. Nd4 Nxd4 16. Qxd4 Nxd5 17. Qxg7 Nc7 18. e5 { Game drawn
by mutual agreement } 1/2-1/2

[Event "ICC tourney 2333 (75 10)"]
[Site "Internet Chess Club"]
[Date "2021.01.23"]
[Round "3"]
[White "investigator"]
[Black "tirantes"]
[Result "0-1"]
[ICCResult "White resigns"]
[WhiteElo "2090"]
[BlackElo "2423"]
[Opening "English opening"]
[ECO "A05"]
[NIC "QP.11"]
[Time "20:01:20"]
[PlyCount "76"]
[TimeControl "4500+10"]

1. Nf3 Nf6 2. c4 d6 3. g3 e5 4. Nc3 Nbd7 5. Bg2 Be7 6. Rb1 O-O 7. b4 c6 8.
O-O d5 9. d3 dxc4 10. dxc4 Qc7 11. Bg5 h6 12. Bxf6 Nxf6 13. Qc2 Be6 14. c5
a5 15. a3 Rfd8 16. Rfd1 Rxd1+ 17. Rxd1 axb4 18. axb4 Ra3 19. Nd2 g6 20. Qb2
Ra8 21. h3 Rd8 22. Ra1 Qd7 23. Nf3 e4 24. Rd1 Qxd1+ 25. Nxd1 Rxd1+ 26. Kh2
exf3 27. Bxf3 Nd7 28. Qa3 Kh7 29. Qa8 Rb1 30. Qxb7 Bxc5 31. Qxc6 Bxf2 32.
Qd6 Be1 33. Bc6 Bxb4 34. Qd3 Rb3 35. Qd4 Bc3 36. Qa7 Ne5 37. Be8 Rb2 38.
Qf2 Bc4 { White resigns } 0-1

[Event "ICC tourney 2333 (75 10)"]
[Site "Internet Chess Club"]
[Date "2021.01.23"]
[Round "3"]
[White "largecrab"]
[Black "canary2016"]
[Result "1/2-1/2"]
[ICCResult "Game drawn by repetition"]
[WhiteElo "2166"]
[BlackElo "1923"]
[Opening "Caro-Kann: Tartakower (Nimzovich) variation"]
[ECO "B15"]
[NIC "CK.06"]
[Time "20:01:26"]
[PlyCount "77"]
[TimeControl "4500+10"]

1. e4 c6 2. d4 d5 3. Nc3 dxe4 4. Nxe4 Nf6 5. Nxf6+ exf6 6. c3 Bd6 7. Bd3
O-O 8. Qc2 Re8+ 9. Ne2 h5 10. Be3 Nd7 11. O-O-O Nf8 12. Kb1 Be6 13. Nf4 Bg4
14. Rde1 Qc7 15. h3 Be6 16. Nxe6 Nxe6 17. Qd1 Qa5 18. h4 Nf4 19. Bxf4 Bxf4
20. g4 hxg4 21. Qxg4 Bh6 22. Qd7 Red8 23. Qxb7 Rab8 24. Qe7 Rxb2+ 25. Kxb2
Rb8+ 26. Bb5 Rxb5+ 27. Kc2 Qxa2+ 28. Kd3 Qd2+ 29. Kc4 Qa2+ 30. Kd3 Qd2+ 31.
Kc4 Qa2+ 32. Kd3 Qd2+ 33. Kc4 Qa2+ 34. Kd3 Qd2+ 35. Kc4 Qa2+ 36. Kd3 Qd2+
37. Kc4 Qa2+ 38. Kd3 Qd2+ 39. Kc4 { Game drawn by repetition } 1/2-1/2

[Event "ICC tourney 2333 (75 10)"]
[Site "Internet Chess Club"]
[Date "2021.01.23"]
[Round "3"]
[White "blueeagle405"]
[Black "JQX2019"]
[Result "0-1"]
[ICCResult "White resigns"]
[WhiteElo "1998"]
[BlackElo "1910"]
[Opening "Nimzo-Indian: 4.e3, Bronstein (Byrne) variation"]
[ECO "E45"]
[NIC "NI.13"]
[Time "20:01:25"]
[PlyCount "60"]
[TimeControl "4500+10"]

1. d4 Nf6 2. c4 e6 3. Nc3 Bb4 4. e3 b6 5. Ne2 Ba6 6. a3 Be7 7. Nf4 d5 8.
Qf3 Bb7 9. g4 a6 10. Bg2 g5 11. Nd3 Ne4 12. cxd5 exd5 13. Ne2 c5 14. dxc5
bxc5 15. O-O Nd7 16. Ng3 Ndf6 17. Nf5 c4 18. Ne1 Bc8 19. Nc2 h5 20. gxh5 g4
21. Qf4 Bxf5 22. Qxf5 Rxh5 23. Bxe4 dxe4 24. Qf4 Bd6 25. Rd1 Bxf4 26. Rxd8+
Rxd8 27. exf4 Rd1+ 28. Kg2 Nd5 29. a4 Rh3 30. Rb1 Nxf4+ { White resigns }
0-1

[Event "ICC tourney 2333 (75 10)"]
[Site "Internet Chess Club"]
[Date "2021.01.23"]
[Round "3"]
[White "greenninja"]
[Black "nithin"]
[Result "1/2-1/2"]
[ICCResult "Game drawn by mutual agreement"]
[WhiteElo "2025"]
[BlackElo "2232"]
[Opening "Sicilian: Najdorf"]
[ECO "B90"]
[NIC "SI.14"]
[Time "20:01:40"]
[PlyCount "108"]
[TimeControl "4500+10"]

1. e4 c5 2. Nf3 d6 3. d4 cxd4 4. Nxd4 Nf6 5. Nc3 a6 6. f3 e5 7. Nb3 Be6 8.
Be3 h5 9. Nd5 Bxd5 10. exd5 Nbd7 11. Qd2 g6 12. O-O-O Nb6 13. Kb1 Nfxd5 14.
Bf2 Nf6 15. Bh4 d5 16. c4 Bh6 17. Qa5 O-O 18. cxd5 Nbd7 19. Qb4 b5 20. Na5
Qc7 21. d6 Qb6 22. Nc4 bxc4 23. Qxb6 Nxb6 24. Bxf6 Nd7 25. Be7 Rfc8 26. Kc2
Rab8 27. Be2 Be3 28. Rb1 Bd4 29. g4 hxg4 30. fxg4 Rb4 31. g5 Rcb8 32. Bg4
Rxb2+ 33. Rxb2 Rxb2+ 34. Kc1 Rb7 35. Rf1 Nc5 36. d7 Nxd7 37. Bf3 Rb2 38.
Bd5 Rf2 39. Rxf2 Bxf2 40. Bxc4 a5 41. Kd2 e4 42. Bd5 e3+ 43. Ke2 Nb6 44.
Be4 Na4 45. Bf6 Nc5 46. Bd5 Ne6 47. Bxe6 fxe6 48. a4 Kf7 49. Bd8 Ke8 50.
Bxa5 Bh4 51. Kxe3 Bxg5+ 52. Ke4 Kd7 53. Ke5 Be7 54. h3 Bh4 { Game drawn by
mutual agreement } 1/2-1/2

[Event "ICC tourney 2333 (75 10)"]
[Site "Internet Chess Club"]
[Date "2021.01.23"]
[Round "3"]
[White "Openyagami"]
[Black "marble"]
[Result "1-0"]
[ICCResult "Black forfeits on time"]
[WhiteElo "2606"]
[BlackElo "2508"]
[Opening "English: closed, 5.Rb1"]
[ECO "A25"]
[NIC "EO.15"]
[Time "20:01:12"]
[PlyCount "83"]
[TimeControl "4500+10"]

1. c4 e5 2. g3 Nc6 3. Bg2 g6 4. Nc3 Bg7 5. Rb1 Nf6 6. b4 O-O 7. b5 Ne7 8.
Nf3 d6 9. O-O Bf5 10. d3 Qc8 11. Re1 h6 12. a4 Bh3 13. Bh1 a6 14. bxa6 bxa6
15. Ba3 Rb8 16. Rxb8 Qxb8 17. Nxe5 Nh7 18. d4 dxe5 19. Bxe7 Re8 20. Bc5 Qb2
21. Nd5 exd4 22. Nxc7 Rc8 23. Bd6 Bg4 24. Nd5 Rxc4 25. Ne7+ Kh8 26. Bd5 Rc2
27. Bxf7 Nf8 28. Qd3 Qc3 29. Qxc3 dxc3 30. Nxg6+ Nxg6 31. Bxg6 Rxe2 32.
Rxe2 Bxe2 33. Bc2 Bd4 34. Kg2 Kg7 35. f3 h5 36. h3 Kf6 37. g4 hxg4 38. hxg4
Ke6 39. Bf8 Kd5 40. g5 Kc4 41. g6 Bd3 42. g7 { Black forfeits on time } 1-0

[Event "ICC tourney 2333 (75 10)"]
[Site "Internet Chess Club"]
[Date "2021.01.23"]
[Round "3"]
[White "Chessking2008"]
[Black "SaltyCarrot777"]
[Result "1-0"]
[ICCResult "Black resigns"]
[WhiteElo "2200"]
[BlackElo "1941"]
[Opening "English: Mikenas-Carls variation"]
[ECO "A18"]
[NIC "EO.57"]
[Time "20:01:14"]
[PlyCount "107"]
[TimeControl "4500+10"]

1. c4 Nf6 2. Nc3 e6 3. e4 d5 4. cxd5 exd5 5. e5 Ne4 6. d3 Nxc3 7. bxc3 c5
8. d4 Nc6 9. Nf3 Be7 10. Be2 O-O 11. O-O Be6 12. Be3 cxd4 13. cxd4 Rc8 14.
Rb1 Qd7 15. Qd2 f6 16. Qb2 fxe5 17. Nxe5 Nxe5 18. dxe5 b6 19. Bb5 Qb7 20.
Qe2 Rcd8 21. Bd4 Rf4 22. Qd2 Rff8 23. a4 Bc5 24. Rfc1 Rc8 25. Bxc5 bxc5 26.
Qe2 Qe7 27. Rd1 c4 28. Qe3 Rc5 29. Ba6 Rd8 30. Qd4 Bf5 31. Rb7 Qf8 32. Rxa7
c3 33. Rc1 c2 34. Bd3 Rdc8 35. Bxf5 Qxf5 36. e6 Qf6 37. Qxf6 gxf6 38. Rd7
Rb8 39. e7 Rcc8 40. Rd8+ Rxd8 41. exd8=Q+ Rxd8 42. Rxc2 Ra8 43. Ra2 Kf7 44.
Kf1 Ke6 45. Ke2 Ke5 46. Kd3 Ra6 47. a5 h5 48. g3 f5 49. f4+ Kd6 50. Kd4 Kc6
51. Rc2+ Kd6 52. Rc5 Ke6 53. Rxd5 Kf6 54. Rb5 { Black resigns } 1-0

[Event "ICC tourney 2333 (75 10)"]
[Site "Internet Chess Club"]
[Date "2021.01.23"]
[Round "3"]
[White "ASharikov"]
[Black "TjkTiger"]
[Result "0-1"]
[ICCResult "White resigns"]
[WhiteElo "2281"]
[BlackElo "2597"]
[Opening "Dunst (Sleipner, Heinrichsen) opening"]
[ECO "A00"]
[NIC "VO.15"]
[Time "20:02:07"]
[PlyCount "92"]
[TimeControl "4500+10"]

1. Nc3 c5 2. e3 g6 3. b3 Bg7 4. Bb2 Nc6 5. Nf3 e5 6. Bc4 d6 7. d4 exd4 8.
exd4 Nxd4 9. Nxd4 Bxd4 10. Qe2+ Ne7 11. O-O-O O-O 12. Rhe1 Nc6 13. Nb5 Qg5+
14. Kb1 Bxb2 15. Kxb2 Qxg2 16. Nxd6 Bg4 17. f3 Qxe2 18. Bxe2 Bh5 19. Nxb7
Nd4 20. Ba6 Bxf3 21. Rd3 Bxb7 22. Bxb7 Rae8 23. Rde3 Rxe3 24. Rxe3 Rd8 25.
Re7 Kf8 26. Rc7 Ne6 27. Rc6 Ke7 28. Ra6 Rd6 29. Ra5 Rd7 30. Bc8 Rc7 31.
Bxe6 Kxe6 32. Kc3 f5 33. Kd3 g5 34. Ke3 h5 35. h4 gxh4 36. Ra6+ Ke5 37. Rh6
Rg7 38. Rxh5 Rg3+ 39. Kf2 Rc3 40. Rxh4 Rxc2+ 41. Ke3 Rxa2 42. Rc4 Ra5 43.
b4 Ra3+ 44. Ke2 cxb4 45. Rxb4 a5 46. Rb8 Kf4 { White resigns } 0-1